 Dungeon Crawl Stone Soup version 0.26-a0-812-g31a745ddcd (webtiles) character file.

Game seed: 11023808771424954841

1876 Borgoz the Cudgeller (level 9, -2/82 HPs)
             Began as a Gargoyle Gladiator on Dec 8, 2020.
             Was a Follower of Okawaru.
             Slain by Grum
             ... wielding a -1 spear
              (8 damage)
             ... on level 7 of the Dungeon.
             The game lasted 00:12:00 (6130 turns).

Borgoz the Cudgeller (Gargoyle Gladiator)           Turns: 6130, Time: 00:12:01

Health: -2/82      AC: 31    Str: 26    XL:     9   Next: 14%
Magic:  0/9        EV:  2    Int:  9    God:    Okawaru [*.....]
Gold:   549        SH:  0    Dex: 12    Spells: 8/8 levels left

rFire    . . .     SeeInvis .   s - +2 flail (protect)
rCold    . . .     Faith    .   (no shield)
rNeg     + + +     Spirit   +   (armour currently unavailable)
rPois    ∞         Reflect  .   (helmet currently unavailable)
rElec    .         Harm     .   (cloak currently unavailable)
rCorr    +         Rampage  .   (gloves currently unavailable)
MR       .....     NoTele   +   (boots currently unavailable)
Stlth    +.........             t - amulet of guardian spirit
HPRegen  0.23/turn              u - +6 ring of strength
MPRegen  0.11/turn              f - ring of resist corrosion

@: tree-form, protection aura, hasted, very quick
A: negative energy resistance 1, petrification resistance, rot immunity, AC +6
a: Heroism, Renounce Religion


You were on level 7 of the Dungeon.
You worshipped Okawaru.
Okawaru was aware of your devotion.
You were a tree.
You visited 2 branches of the dungeon, and saw 8 of its levels.
You also visited: Sewer.

You collected 549 gold pieces.

Inventory:

Hand Weapons
 s - a +2 flail of protection (weapon)
Missiles
 d - 3 throwing nets (quivered)
Armour
 c - a +1 helmet (melded)
 g - a +2 pair of boots (melded)
 v - a +0 ring mail (melded)
Jewellery
 f - a ring of resist corrosion (right branch)
 t - an amulet of guardian spirit (around neck)
 u - a +6 ring of strength (left branch)
 x - an uncursed amulet of reflection
Wands
 e - a wand of iceblast (4)
Scrolls
 a - 5 scrolls of amnesia
 b - 2 scrolls of remove curse
 h - 2 scrolls of blinking {unknown}
 l - 7 scrolls of teleportation
 m - a scroll of enchant weapon
 q - a scroll of vulnerability {unknown}
 r - a scroll of noise {unknown}
 y - a scroll of holy word {unknown}
Potions
 i - 3 potions of curing
 j - a potion of magic
 k - 5 potions of flight
 n - a potion of cancellation
 o - a potion of haste
 p - 2 potions of mutation {unknown}
 w - a potion of lignification


   Skills:
 + Level 5.9 Fighting
 * Level 7.8 Maces & Flails
 - Level 1.7 Throwing
 + Level 5.4 Armour
 + Level 4.9 Dodging
 + Level 1.2 Invocations


You had 8 spell levels left.
You didn't know any spells.
Your spell library contained the following spells:

 Spells                   Type           Power        Failure   Level
 Animate Skeleton         Necr           #.....       38%         1
 Pain                     Necr           #...         38%         1
 Vampiric Draining        Necr           #.........   77%         3
 Animate Dead             Necr           #.........   99%         4
 Agony                    Necr           #.......     100%        5


Dungeon Overview and Level Annotations

Branches:
Dungeon (7/15)             Temple (1/1) D:6           Sewer (visited)

Altars:
Cheibriados
Dithmenos
Fedhas
Hepliaklqana
Kikubaaqudgha
Makhleb
Nemelex Xobeh
Okawaru
Qazlal
Ru
Uskayaw
Vehumet
Wu Jian
Xom
Yredelemnul
Zin
The Shining One

Annotations:
D:7 1 transporter, Grum; ma3's ghost, novice TrMo


Innate Abilities, Weirdness & Mutations

You are resistant to torment.
((Your stone body is resilient. (AC +6)))
You are immune to poison.
You resist negative energy. (rN+)
((You are resistant to electric shocks. (rElec)))
((You can survive without breathing.))
You are immune to petrification.
You are immune to rotting.


Message History

You hit ma3's ghost but do no damage.
Ma3's ghost is heavily damaged.
Ma3's ghost hits you!
* * * LOW HITPOINT WARNING * * *
You hit ma3's ghost but do no damage.
Ma3's ghost is heavily damaged.
The gnoll sergeant hits you but does no damage.
Ma3's ghost hits you but does no damage.
Grum shouts, "Faster, Spike!
Kill!
Kill!"
Grum hits you but does no damage.
You hit ma3's ghost but do no damage.
Ma3's ghost is heavily damaged.
You miss ma3's ghost.
Ma3's ghost is heavily damaged.
Ma3's ghost hits you but does no damage.
The gnoll sergeant hits you but does no damage.
You are electrocuted!!
* * * LOW HITPOINT WARNING * * *
Grum hits you from afar with a -1 spear!
You die...

#.≈≈.##.#####.##.≈≈....## #
##.≈≈..#†#8g8#.#.........## ##
#..≈≈.©#.'.©.'.#©.........####.
#..≈≈..#)#...#.#..........'..).
#..≈≈.##.##.##.##.≈≈......####.
#..≈≈.#..#).g#.©#.≈≈.....## ##
#..≈≈.##.)..gg.##.≈≈....## #
#..≈≈..#.#).g#.#..≈≈..>##
#..≈≈###.##'##♣###≈≈.'##
#..≈≈#.....ggW...#≈≈..#
#..≈≈#8.###.###(8#≈≈..#
#..≈≈#..#8###8#..#≈≈..##
#..≈≈####.....####≈≈...##
#..≈≈≈≈≈≈≈≈≈≈≈≈≈≈≈≈≈....#
#..≈≈≈≈≈≈≈≈≈≈≈≈≈≈≈≈≈...##
#......................########
#.###########...##.............


You could see Grum, a gnoll sergeant, ma3's ghost and 4 gnolls.

Vanquished Creatures
  A black bear (D:7)
  A sky beast (D:6)
  2 wolves (D:7)
  5 ogres
  A centaur (D:7)
  A gnoll sergeant (D:7)
  2 bullfrogs (D:7)
  2 scorpions
  A howler monkey (D:7)
  A bullfrog zombie (D:7)
  A quasit (D:6)
  A centaur zombie (D:7)
  4 orc wizards
  A gnoll shaman (D:7)
  An iguana (D:4)
  Jessica (D:2)
  3 worker ants
  2 merfolk sirens (Sewer)
  A merfolk avatar (Sewer)
  7 gnolls
  6 adders
  A river rat (Sewer)
  An ooze (D:2)
  4 worms
  2 dart slugs
  7 leopard geckos
  15 orcs
  7 giant cockroaches
  5 goblins
  5 hobgoblins
  6 jackals
  3 quokkas
  8 ball pythons
  9 bats
  10 frilled lizards
  9 kobolds
  A leopard gecko zombie (D:5)
  30 rats
168 creatures vanquished.

Vanquished Creatures (others)
  6 plants (D:7)
6 creatures vanquished.

Grand Total: 174 creatures vanquished

Notes
Turn   | Place    | Note
-------+----------+-------------------------------------------
     0 | D:1      | Borgoz the Gargoyle Gladiator began the quest for the Orb.
     0 | D:1      | Reached XP level 1. HP: 12/12 MP: 1/1
   123 | D:1      | Reached XP level 2. HP: 18/18 MP: 2/2
   409 | D:1      | Reached skill level 1 in Armour
   477 | D:1      | Reached XP level 3. HP: 22/22 MP: 3/3
   988 | D:2      | Reached XP level 4. HP: 24/27 MP: 4/4
  1472 | D:2      | Reached skill level 4 in Maces & Flails
  1636 | D:2      | Noticed Jessica
  1640 | D:2      | Killed Jessica
  1640 | D:2      | Reached XP level 5. HP: 32/32 MP: 5/5
  2466 | D:3      | Found a glowing golden altar of the Shining One.
  2576 | D:4      | Reached XP level 6. HP: 19/37 MP: 6/6
  2621 | D:5      | Entered Level 5 of the Dungeon
  2823 | D:4      | Reached skill level 5 in Maces & Flails
  2958 | D:4      | Found a glowing drain.
  2984 | Sewer    | Entered a sewer
  3120 | Sewer    | Reached XP level 7. HP: 43/43 MP: 7/7
  4186 | D:5      | Reached skill level 6 in Maces & Flails
  4475 | D:6      | Reached XP level 8. HP: 48/48 MP: 8/8
  4713 | D:6      | Found a staircase to the Ecumenical Temple.
  4744 | Temple   | Entered the Ecumenical Temple
  4798 | Temple   | Became a worshipper of Warmaster Okawaru
  4965 | D:6      | Reached skill level 5 in Fighting
  5095 | D:7      | Found a hazy altar of Hepliaklqana.
  5096 | D:7      | Found a glowing silver altar of Zin.
  5097 | D:7      | Found a stormy altar of Qazlal.
  5255 | D:7      | Reached skill level 7 in Maces & Flails
  5329 | D:7      | Found a transporter.
  5330 | D:7      | Found a transporter.
  5345 | D:7      | Reached * piety under Okawaru
  5345 | D:7      | Reached skill level 5 in Armour
  5375 | D:7      | Identified the +0 kite shield "Pyut" {Rampage SInv}
  5410 | D:7      | Noticed Grum
  5970 | D:7      | Identified the amulet "Deselykk" {Acrobat Str-4 Dex+5}
  6022 | D:7      | Noticed ma3's ghost (novice TrMo)
  6078 | D:7      | Reached XP level 9. HP: 36/55 MP: 2/9
  6093 | D:7      | Reached skill level 1 in Invocations
  6130 | D:7      | Slain by Grum

Illustrated notes

Levels and vault maps discovered:
D:1:      tarquinn_simple_flora_water_a, layout_basic, st_stairs_5
D:2:      layout_loops_ring, hangedman_feature_mirror, corexii_hall_statues_l,
          uniq_jessica
D:3:      layout_basic, tso_altar
D:4:      layout_rooms, cheibrodos_sewer_entry_bend
D:5:      layout_loops_ring
D:6:      layout_cave_pools, minmay_temple_entry_sparse_star, minmay_holes
D:7:      layout_loops_corners, gammafunk_temple_overflow_forgotten,
          gammafunk_ghost_gnarly_gnolls
Temple:   zaba_magenta_temple

Skill      XL: |  1  2  3  4  5  6  7  8  9 |
---------------+----------------------------+-----
Armour         | 1 2 3 4 5 |  5.4
Fighting       | 3 4 5 |  5.9
Maces & Flails | 4 5 6 7 |  7.8
Dodging        | 3 4 |  4.9
Invocations    | 1 |  1.2
Throwing       | |  1.7

Action                   |  1- 3 |  4- 6 |  7- 9 || total
-------------------------+-------+-------+-------++-------
Melee: Flail             |    93 |   218 |   239 ||   550
Invok: Heroism           |       |       |     1 ||     1
Evoke: Wand              |       |       |     7 ||     7
  Use: Scroll            |       |    16 |     3 ||    19
       Potion            |       |     5 |     7 ||    12
 Stab: Sleeping          |     1 |       |       ||     1
Armor: Leather armour    |    63 |   118 |    56 ||   237
       Ring mail         |       |       |   103 ||   103
       Skin              |       |       |    10 ||    10
Dodge: Dodged            |    88 |   235 |   202 ||   525

Table legend: (Time is in decaauts)
 A = Elapsed time spent in this place.
 B = Non-inter-level travel time spent in this place.
 C = Inter-level travel time spent in this place.
 D = Time resting spent in this place.
 E = Time spent auto-exploring this place.
 F = Levels seen in this place.
 G = Mean time per level.
                   A        B        C        D        E       F      G
               +--------+--------+--------+--------+--------+-----+--------+
         Total |   6259 |   6025 |    234 |    200 |   4263 |   9 |  695.4 |
       Dungeon |   5660 |   5460 |    200 |    200 |   4082 |   7 |  808.6 |
        Temple |    108 |     74 |     34 |      0 |     65 |   1 |  108.0 |
         Sewer |    491 |    491 |      0 |      0 |    116 |   1 |  491.0 |
               +--------+--------+--------+--------+--------+-----+--------+

Top non-repeatable levels by time:
     D:7: 1068 daAuts
     D:1: 962 daAuts
     D:2: 890 daAuts
     D:4: 785 daAuts
     D:3: 716 daAuts
     D:5: 674 daAuts
     D:6: 562 daAuts
   Sewer: 491 daAuts
  Temple: 108 daAuts
